 Dungeon Crawl Stone Soup version 0.26-a0-812-g31a745ddcd (webtiles) character file.

Game seed: 15014288687693887589

82 Lanoc the Ducker (level 4, 0/31 HPs)
             Began as an Octopode Warper on Nov 18, 2020.
             Slain by an orc wizard
             ... wielding a +0 dagger
              (1 damage)
             ... on level 3 of the Dungeon.
             The game lasted 00:00:57 (853 turns).

Lanoc the Ducker (Octopode Warper)                   Turns: 853, Time: 00:00:58

Health: 0/31       AC:  1    Str:  9 (10) XL:     4   Next: 43%
Magic:  7/7        EV: 14    Int: 13 (16) God:
Gold:   0          SH:  0    Dex:  8 (11) Spells: 5/7 levels left

rFire    . . .     SeeInvis .   a - +0 spear
rCold    . . .     Faith    .   (no shield)
rNeg     . . .     Spirit   .   (helmet restricted)
rPois    .         Reflect  .   (no amulet)
rElec    .         Harm     .   (no ring)
rCorr    .         Rampage  .   (no ring)
MR       .....                  (no ring)
Stlth    ++........             (no ring)
HPRegen  0.10/turn              (no ring)
MPRegen  0.10/turn              (no ring)
                                (no ring)
                                (no ring)

@: lethally poisoned (0 -> -4)
A: almost no armour, stealthy swim, amphibious, 8 rings, constrict 8, camouflage
1, gelatinous body 1
a: no special abilities


You were on level 3 of the Dungeon.
You visited 1 branch of the dungeon, and saw 3 of its levels.

Inventory:

Hand Weapons
 a - a +0 spear (weapon)
Missiles
 d - 4 boomerangs of dispersal (quivered)
Scrolls
 c - a scroll of blinking
 e - a scroll of amnesia {unknown}


   Skills:
 + Level 3.2 Fighting
 - Level 2.0 Polearms
 - Level 1.0 Throwing
 + Level 3.5 Dodging
 - Level 2.0 Spellcasting
 + Level 3.4 Translocations


You had 5 spell levels left.
You knew the following spells:

 Your Spells              Type           Power        Failure   Level
a - Blink                 Tloc           N/A          10%         2

Your spell library contained the following spells:

 Spells                   Type           Power        Failure   Level
 Gell's Gravitas          Tloc           ##........   19%         3
 Lesser Beckoning         Tloc           ##........   19%         3
 Teleport Other           Tloc           ##......     19%         3
 Passage of Golubria      Tloc           N/A          52%         4


Dungeon Overview and Level Annotations

Branches:
Dungeon (3/15)

Altars:


Innate Abilities, Weirdness & Mutations

You cannot wear most types of armour.
You are very stealthy in the water. (Stealth+)
You are amphibious.
You can wear up to eight rings at the same time.
You can use your tentacles to constrict eight enemies at once.
Your skin changes colour to match your surroundings (Stealth+).
Your rubbery body absorbs attacks. (AC +1, EV +1)


Message History

You miss something. Something hits you.
It was a potion of degeneration.
There was something very wrong with that liquid.
You feel weakened.
You feel dopey.
You feel clumsy.
You feel sick. Something hits you.
You closely miss something. Something hits you.
* * * LOW HITPOINT WARNING * * *
You hit something. Your squeeze misses something.
You feel sick. Something hits you!
* * * LOW HITPOINT WARNING * * *
Throwing (i - inventory)
d - 5 boomerangs of dispersal (quivered)
Press: ? - help, Shift-Dir - straight line, f - goblin
Aim: a goblin, wielding a +0 club You throw a boomerang of dispersal.
The boomerang of dispersal closely misses the goblin.
The boomerang of dispersal barely misses the orc.
The boomerang of dispersal hits the orc but does no damage.
Something barely misses you. Something hits you but does no damage.
You completely miss something. Something hits you.
You die...

#.......# #.......#
#.......# ..#.......####
#####.
#......o.....######.....
......ooo.....>..##.####
#######g#####...........
#{# #.##........ #@#
#............
..............##########
....###.###..## #. ..
#.# ..## ##. #.#.## ##..
... ###..# ...
#####...## #..
###.....####
>.##...######..


You could see 4 orcs and a goblin.

Vanquished Creatures
  An orc wizard (D:3)
  3 adders (D:3)
  An ooze (D:3)
  A worm (D:1)
  4 orcs (D:3)
  A bat (D:3)
  A giant cockroach (D:3)
  A goblin (D:2)
  2 hobgoblins
  A kobold (D:2)
  A frilled lizard (D:3)
17 creatures vanquished.

Notes
Turn   | Place    | Note
-------+----------+-------------------------------------------
     0 | D:1      | Lanoc the Octopode Warper began the quest for the Orb.
     0 | D:1      | Reached XP level 1. HP: 14/14 MP: 3/3
   329 | D:2      | Reached XP level 2. HP: 20/20 MP: 5/5
   351 | D:3      | Learned a level 2 spell: Blink
   535 | D:3      | Reached XP level 3. HP: 24/25 MP: 6/6
   573 | D:3      | Reached XP level 4. HP: 9/31 MP: 7/7
   851 | D:3      | HP: 1/31 [something (7)]
   853 | D:3      | Slain by an orc wizard

Illustrated notes

Levels and vault maps discovered:
D:1:      dpeg_arrival_brainrot, layout_basic
D:2:      layout_basic, chequers_hall_statues_corner_a
D:3:      layout_rooms, grunt_temple_overflow_order_and_chaos_1,
          hangedman_decor_push, tgw_trog

Skill      XL: |  1  2  3 |
---------------+----------+-----
Dodging        | 3 |  3.5
Fighting       | 3 |  3.2
Polearms       | |  2.0
Throwing       | |  1.0
Spellcasting   | |  2.0
Translocations | |  3.4

Action                   |  1- 3 |  4- 6 || total
-------------------------+-------+-------++-------
Melee: Spear             |    51 |    19 ||    70
       Tentacles         |    10 |     2 ||    12
       Constrict         |     9 |     3 ||    12
Throw: Boomerang         |       |     1 ||     1
  Use: Potion            |       |     1 ||     1
 Stab: Sleeping          |     3 |       ||     3
Armor: Skin              |     2 |     3 ||     5
Dodge: Dodged            |    21 |    12 ||    33

Table legend: (Time is in decaauts)
 A = Elapsed time spent in this place.
 B = Non-inter-level travel time spent in this place.
 C = Inter-level travel time spent in this place.
 D = Time resting spent in this place.
 E = Time spent auto-exploring this place.
 F = Levels seen in this place.
 G = Mean time per level.
                   A        B        C        D        E       F      G
               +--------+--------+--------+--------+--------+-----+--------+
         Total |    852 |    852 |      0 |    288 |    448 |   3 |  284.0 |
       Dungeon |    852 |    852 |      0 |    288 |    448 |   3 |  284.0 |
               +--------+--------+--------+--------+--------+-----+--------+

Top non-repeatable levels by time:
     D:3: 521 daAuts
     D:1: 302 daAuts
     D:2: 29 daAuts
